 Dungeon Crawl Stone Soup version 0.30.0-29-ga12c61a403 (webtiles) character file.

Game seed: 2010883044693295761

210 cheesebisquit the Chopper (level 5, -8/45 HPs)
             Began as a Hill Orc Fighter on June 23, 2023.
             Mangled by a gnoll bouda
             ... wielding a +0 whip
              (10 damage)
             ... on level 4 of the Dungeon.
             The game lasted 00:07:56 (2815 turns).

cheesebisquit the Chopper (Hill Orc Fighter)        Turns: 2815, Time: 00:07:57

Health: -8/45      AC:  8    Str: 19    XL:     5   Next: 88%
Magic:  5/5        EV:  9    Int: 10    God:
Gold:   179        SH:  0    Dex: 10    Spells: 4/4 levels left

rFire   . . .        k - +0 battleaxe
rCold   . . .        (shield currently unavailable)
rNeg    . . .        b - +0 scale mail
rPois   .            (no helmet)
rElec   .            (no cloak)
rCorr   .            s - +0 pair of gloves
SInv    +            (no boots)
Will    .....        (no amulet) Stlth
                     v - ring of see invisible
HPRegen 0.27/turn    (no ring)
MPRegen 0.09/turn

%: no passive effects
@: weakened
A: no striking features
a: no special abilities


You were on level 4 of the Dungeon.
You visited 1 branch of the dungeon, and saw 4 of its levels.

You collected 179 gold pieces.

Inventory:

Hand Weapons
 a - a +0 war axe
 k - a +0 battleaxe (weapon)
Missiles
 i - 21 poisoned darts (quivered)
Armour
 b - a +0 scale mail (worn)
 c - a +0 buckler
 s - a +0 pair of gloves (worn)
Jewellery
 m - a ring of ice
 v - a ring of see invisible (left hand)
Wands
 n - a wand of flame (26)
 p - a wand of mindburst (7)
Scrolls
 f - 4 scrolls of identify {unknown}
 g - a scroll of magic mapping {unknown}
 j - a scroll of immolation {unknown}
 o - a scroll of amnesia {unknown}
 q - a scroll of brand weapon {unknown}
 r - a scroll of fog {unknown}
 t - a scroll of torment {unknown}
 u - 2 scrolls of teleportation {unknown}
Potions
 d - 2 potions of invisibility {unknown}
 e - a potion of degeneration {unknown}
 h - 7 potions of curing
 l - 3 potions of lignification {unknown}
 w - a potion of heal wounds {unknown}


   Skills:
 - Level 3.6 Fighting
 + Level 7.8 Axes
 - Level 3.2 Armour
 - Level 3.2 Shields


You had 4 spell levels left.
You didn't know any spells.
Your spell library contained the following spells:

 Spells                   Type           Power      Damage    Failure   Level
 Freeze                   Ice            0%         1d3       73%         1
 Slow                     Hex            0%         N/A       73%         1
 Poisonous Vapours        Pois/Air       0%         N/A       86%         2
 Confusing Touch          Hex            0%         N/A       97%         3
 Frozen Ramparts          Ice            0%         1d1       97%         3
 Hailstorm                Conj/Ice       0%         3d3       97%         3
 Mephitic Cloud           Conj/Pois/Air  0%         N/A       97%         3
 Vampiric Draining        Necr           0%         2d6       97%         3
 Freezing Cloud           Conj/Ice/Air   0%         6-21      100%        5


Dungeon Overview and Level Annotations

Branches:
Dungeon (4/15)
 Temple: D:4-7

Altars:
Fedhas
Makhleb

Annotations:
D:3 2 runed translucent doors, nroviw's ghost, amateur DgCj


Message History

You barely miss the gnoll bouda.
The gnoll bouda hits you but does no damage.
The gnoll barely misses you.
The gnoll bouda hits you with a +0 whip.
The gnoll shoots a sling bullet.
The sling bullet hits you.
The gnoll hits you from afar with a +0 halberd!
The gnoll barely misses you. The gnoll bouda barely misses you.
The gnoll unwields a +0 sling.
The gnoll wields a +0 spear.
The gnoll hits you with a +0 spear.
Things that are here:
a +0 flail; a gnoll corpse You barely miss the gnoll.
You hit the gnoll. You barely miss the gnoll bouda.
The gnoll hits you from afar with a +0 halberd.
The gnoll barely misses you.
The gnoll bouda calls upon its god to heal the gnoll.
The gnoll is healed somewhat.
The gnoll hits you but does no damage. The gnoll barely misses you.
It was a potion of curing.
You feel better. The gnoll hits you with a +0 club.
The gnoll bouda gazes fiercely through you!
You feel as though you will be weak longer.
The gnoll bouda hits you with a +0 whip.
The gnoll hits you with a +0 spear. The gnoll closely misses you.
You closely miss the gnoll. You barely miss the gnoll.
You slash the gnoll bouda! The gnoll hits you with a +0 club.
* * * LOW HITPOINT WARNING * * *
The gnoll bouda hits you but does no damage.
The gnoll hits you but does no damage. x2; The gnoll hits you with a +0 club.
* * * LOW HITPOINT WARNING * * *
The gnoll bouda barely misses you. The gnoll attacks as you move away!
The gnoll hits you with a +0 spear.
* * * LOW HITPOINT WARNING * * *
The gnoll unwields a +0 spear.
The gnoll wields a +0 sling.
The gnoll shoots a sling bullet.
The sling bullet hits you.
* * * LOW HITPOINT WARNING * * *
The gnoll hits you with a +0 club.
* * * LOW HITPOINT WARNING * * *
The gnoll bouda gazes fiercely through you!
You feel as though you will be weak longer.
The gnoll bouda hits you with a +0 whip!
You die...

##. .. .. .###
##.###... .......
#..... #..g. #
#.#g# .#
##.#)###.##
#..g@g....##
####...........
.............##
......#..##..#
........)##..######
####.##.(..........
#. #..##..#####
#.##..##))#
.........#


You could see a gnoll bouda and 3 gnolls.

Vanquished Creatures
  2 hounds (D:4)
  4 gnolls
  An adder (D:2)
  A worm (D:3)
  4 dart slugs
  11 ball pythons
  2 endoplasms (D:1)
  5 giant cockroaches
  4 goblins
  13 hobgoblins
  2 jackals (D:4)
  15 kobolds
  7 quokkas
  7 bats
  6 rats
84 creatures vanquished.

Notes
Turn   | Place    | Note
-------+----------+-------------------------------------------
     0 | D:1      | cheesebisquit the Hill Orc Fighter began the quest for the
                  | Orb.
     0 | D:1      | Reached XP level 1. HP: 19/19 MP: 1/1
    50 | D:1      | Reached skill level 3 in Axes
    88 | D:1      | Reached XP level 2. HP: 26/26 MP: 2/2
   196 | D:1      | Reached skill level 4 in Axes
   346 | D:1      | Reached XP level 3. HP: 26/31 MP: 3/3
   632 | D:1      | You fall into a shaft and drop 1 floor!
   704 | D:2      | Reached skill level 5 in Axes
  1024 | D:2      | Reached XP level 4. HP: 8/39 MP: 4/4
  1252 | D:2      | Reached skill level 6 in Axes
  2010 | D:3      | Found a blossoming altar of Fedhas.
  2039 | D:3      | Reached XP level 5. HP: 43/45 MP: 5/5
  2265 | D:3      | Found a large runed translucent door.
  2266 | D:3      | Found a large runed translucent door.
  2269 | D:3      | Noticed nroviw's ghost (amateur DgCj)
  2667 | D:4      | Found a burning altar of Makhleb.
  2670 | D:4      | Reached skill level 7 in Axes
  2815 | D:4      | HP: 2/45 [gnoll/+0 club[a gnoll bouda] (1)]
  2815 | D:4      | Mangled by a gnoll bouda

Illustrated notes

Levels and vault maps discovered:
D:1:      minmay_arrival_up_and_down, layout_basic
D:2:      layout_loops_ring, grunt_decor_cap, minmay_cupped
D:3:      layout_loops_ring, mainiacjoe_overflow_boulevard,
          ebering_ghost_disaster_area, amethyst_killhole,
          chequers_serial_rivers_micro_c
D:4:      layout_loops_ring, makhleb_heckhound_becter, hex_tiny,
          minmay_statues_item, minmay_close_crescents

Skill      XL: |  1  2  3  4  5 |
---------------+----------------+-----
Axes           | 3 4 5 6 7 |  7.8
Fighting       | |  3.6
Armour         | |  3.2
Shields        | |  3.2

Action                     |  1- 3 |  4- 6 || total
---------------------------+-------+-------++-------
  Melee: War axe           |    82 |    30 ||   112
         Battleaxe         |       |   128 ||   128
    Use: Potion            |     1 |     1 ||     2
 Armour: Scale mail        |    34 |    98 ||   132
  Dodge: Dodged            |    50 |    97 ||   147
  Block: Buckler           |    18 |     9 ||    27
